MID
ATLANTA (MID) BRAVES @ PEORIA CHIEFS
09/13/2046
 
TOP OF THE 1ST
Atlanta (MID) Braves batting - Pitching for Peoria Chiefs : RHP Danny Cook
Pitching: RHP Danny Cook
Batting: RHB Toki Takeuchi 0-0: Ball
1-0: SINGLE (Line Drive, 6M, EV 95.0 MPH)
Batting: RHB Joe Young 0-0: Ball
1-0: Called Strike
Toki Takeuchi is caught stealing 2nd base 2-4
1-1: Foul Ball, location: 2F
1-2: Ball
2-2: Strikes out swinging
Batting: RHB Jose Ramos 0-0: Ball
1-0: Foul Ball, location: 2F
1-1: Swinging Strike
1-2: Strikes out swinging
Top of the 1st over - 0 runs, 1 hit, 0 errors, 0 left on base; Atlanta (MID) 0 - Peoria 0
BOTTOM OF THE 1ST
Peoria Chiefs batting - Pitching for Atlanta (MID) Braves : LHP Brian Gregory
Pitching: LHP Brian Gregory
Batting: RHB Tim Cleary 0-0: Called Strike
0-1: Foul Ball, location: 2F
0-2: Ball
1-2: Ball
2-2: Ball
3-2: Foul Ball, location: 2F
3-2: Foul Ball, location: 2F
3-2: Foul Ball, location: 2F
3-2: Foul Ball, location: 2F
3-2: Strikes out swinging
Batting: RHB Joe Alley 0-0: Ball
1-0: Ball
2-0: Called Strike
2-1: Swinging Strike
2-2: Foul Ball, location: 2F
2-2: Ground out 5-3 (Groundball, 56, EV 80.0 MPH)
Batting: RHB Kalidas Mishra 0-0: Swinging Strike
0-1: Ball
1-1: Ball
2-1: Ball
3-1: Base on Balls
Batting: RHB Tyler Walker 0-0: Called Strike
0-1: Ball
1-1: Swinging Strike
1-2: Ball
2-2: Foul Ball, location: 2F
2-2: Strikes out swinging
Bottom of the 1st over - 0 runs, 0 hits, 0 errors, 1 left on base; Atlanta (MID) 0 - Peoria 0
TOP OF THE 2ND
Atlanta (MID) Braves batting - Pitching for Peoria Chiefs : RHP Danny Cook
Batting: LHB Art D'Ascenzo 0-0: Ball
1-0: Ball
2-0: Called Strike
2-1: SINGLE (Groundball, 34D, EV 93.8 MPH)
Batting: LHB Luis Cruz 0-0: Swinging Strike
0-1: Called Strike
0-2: SINGLE (Groundball, 34S, EV 87.5 MPH) (infield hit)
Art D'Ascenzo to second
Batting: RHB Badr al Din Ridha 0-0: Ball
1-0: Called Strike
1-1: Foul Ball, location: 2F
1-2: SINGLE (Groundball, 25, EV 67.5 MPH) (infield hit)
Art D'Ascenzo to third
Luis Cruz to second
Batting: SHB Ian Arlotta 0-0: Called Strike
0-1: Swinging Strike
0-2: Fly out, F7 (Flyball, 78M, EV 96.9 MPH)
Batting: RHB Andy Cunningham 0-0: Swinging Strike
0-1: Ball
1-1: Foul Ball, location: 2F
1-2: Ground out 3-1 (Groundball, 34S, EV 86.9 MPH)
Art D'Ascenzo scores
Luis Cruz to third
Badr al Din Ridha to second
Batting: RHB Adrian Billups 0-0: Ball
1-0: Ball
2-0: Ball
3-0: Base on Balls
Batting: RHB Toki Takeuchi 0-0: Ball
1-0: Ball
2-0: Ball
3-0: Base on Balls
Luis Cruz scores
Badr al Din Ridha to third
Adrian Billups to second
Batting: RHB Joe Young 0-0: Fly out, F9 (Flyball, 89D, EV 101.2 MPH)
Top of the 2nd over - 2 runs, 3 hits, 0 errors, 3 left on base; Atlanta (MID) 2 - Peoria 0
BOTTOM OF THE 2ND
Peoria Chiefs batting - Pitching for Atlanta (MID) Braves : LHP Brian Gregory
Batting: RHB Chris Norris 0-0: Foul Ball, location: 2F
0-1: Swinging Strike
0-2: Ball
1-2: Ball
2-2: Ball
3-2: Foul Ball, location: 2F
3-2: Foul Ball, location: 2F
3-2: Foul Ball, location: 2F
3-2: Foul Ball, location: 2F
3-2: Foul Ball, location: 2F
3-2: Strikes out looking
Batting: RHB Tommy Tracy 0-0: Ground out 6-3 (Groundball, 6, EV 100.0 MPH)
Batting: RHB Josh Broome 0-0: Ball
1-0: Ball
2-0: Ball
3-0: Called Strike
3-1: Called Strike
3-2: Foul Ball, location: 2F
3-2: Strikes out swinging
Bottom of the 2nd over - 0 runs, 0 hits, 0 errors, 0 left on base; Atlanta (MID) 2 - Peoria 0
TOP OF THE 3RD
Atlanta (MID) Braves batting - Pitching for Peoria Chiefs : RHP Danny Cook
Batting: RHB Jose Ramos 0-0: Swinging Strike
0-1: Foul Ball, location: 2F
0-2: Ball
1-2: Fly out, F9 (Line Drive, 89M, EV 96.9 MPH)
Batting: LHB Art D'Ascenzo 0-0: Ball
1-0: Ground out 6-3 (Groundball, 4MD, EV 106.9 MPH)
Batting: LHB Luis Cruz 0-0: Called Strike
0-1: Ball
1-1: Ball
2-1: Swinging Strike
2-2: Ball
3-2: Strikes out looking
Top of the 3rd over - 0 runs, 0 hits, 0 errors, 0 left on base; Atlanta (MID) 2 - Peoria 0
BOTTOM OF THE 3RD
Peoria Chiefs batting - Pitching for Atlanta (MID) Braves : LHP Brian Gregory
Batting: RHB Yorkis Saiki 0-0: Ball
1-0: Called Strike
1-1: SINGLE (Flyball, 8RS, EV 93.8 MPH)
Batting: SHB Hank Arias 0-0: Swinging Strike
0-1: Ball
1-1: Ball
2-1: Fielders Choice at 2nd, 5-4 (Groundball, 5L, EV 89.4 MPH)
Batting: RHB Tim Cleary 0-0: Called Strike
0-1: Ball
1-1: Ball
2-1: Foul Ball, location: 2F
2-2: TRIPLE (Line Drive, 89XD, EV 112.5 MPH)
Hank Arias scores
Batting: RHB Joe Alley 0-0: Foul Ball, location: 2F
0-1: Swinging Strike
0-2: Ball
1-2: Strikes out swinging
Batting: RHB Kalidas Mishra 0-0: Called Strike
0-1: Called Strike
0-2: Ball
1-2: Ball
2-2: Reached on error, E5 (Groundball, 56, EV 82.5 MPH)
Tim Cleary scores
Batting: RHB Tyler Walker 0-0: Called Strike
0-1: Foul Ball, location: 2F
0-2: Strikes out swinging
Bottom of the 3rd over - 2 runs, 2 hits, 1 error, 1 left on base; Atlanta (MID) 2 - Peoria 2
TOP OF THE 4TH
Atlanta (MID) Braves batting - Pitching for Peoria Chiefs : RHP Danny Cook
Batting: RHB Badr al Din Ridha 0-0: Ball
1-0: Called Strike
1-1: Swinging Strike
1-2: Foul Ball, location: 2F
1-2: Foul Ball, location: 2F
1-2: Foul Ball, location: 2F
1-2: Strikes out swinging
Batting: SHB Ian Arlotta 0-0: Ball
1-0: Called Strike
1-1: Swinging Strike
1-2: Ball
2-2: Ball
3-2: Foul Ball, location: 2F
3-2: Foul Ball, location: 2F
3-2: Foul Ball, location: 2F
3-2: Foul Ball, location: 2F
3-2: Fly out, F5 (Popup, 5SF, EV 75.6 MPH)
Batting: RHB Andy Cunningham 0-0: Ball
1-0: Ground out U3 (Groundball, 34, EV 105.0 MPH)
Top of the 4th over - 0 runs, 0 hits, 0 errors, 0 left on base; Atlanta (MID) 2 - Peoria 2
BOTTOM OF THE 4TH
Peoria Chiefs batting - Pitching for Atlanta (MID) Braves : LHP Brian Gregory
Batting: RHB Chris Norris 0-0: Foul Ball, location: 2F
0-1: Ball
1-1: Ball
2-1: Ball
3-1: Called Strike
3-2: Foul Ball, location: 2F
3-2: Foul Ball, location: 2F
3-2: Base on Balls
Batting: RHB Tommy Tracy 0-0: Ball
1-0: SINGLE (Line Drive, 89S, EV 91.2 MPH)
Chris Norris to second
Runner from 2nd tries for 3rd, SAFE, throw by CF made to third
Pinch Runner at 3rd Richard Riggs:
Batting: RHB Josh Broome 0-0: Ball
1-0: Swinging Strike
1-1: Foul Ball, location: 2F
1-2: Ball
2-2: Foul Ball, location: 2F
2-2: Strikes out swinging
Batting: RHB Yorkis Saiki Balk!
Richard Riggs scores
Tommy Tracy to second
0-0: Ball
1-0: Ball
2-0: Called Strike
2-1: Ball
3-1: Foul Ball, location: 2F
3-2: Foul Ball, location: 2F
3-2: Foul Ball, location: 2F
3-2: Strikes out looking
Batting: SHB Hank Arias 0-0: Called Strike
0-1: Ball
Passed Ball!
Tommy Tracy to third
1-1: Ball
2-1: Ball
3-1: Base on Balls
Batting: RHB Tim Cleary 0-0: Ball
1-0: Foul Ball, location: 2F
1-1: Called Strike
1-2: Foul Ball, location: 2F
1-2: Fielders Choice at 2nd, 5-4 (Groundball, 5, EV 85.6 MPH)
Bottom of the 4th over - 1 run, 1 hit, 0 errors, 2 left on base; Atlanta (MID) 2 - Peoria 3
TOP OF THE 5TH
Atlanta (MID) Braves batting - Pitching for Peoria Chiefs : RHP Danny Cook
Batting: RHB Adrian Billups 0-0: Ball
1-0: Foul Ball, location: 2F
1-1: Ball
2-1: Swinging Strike
2-2: Ball
3-2: Strikes out swinging
Batting: RHB Toki Takeuchi 0-0: Ball
1-0: Swinging Strike
1-1: Ball
2-1: Foul Ball, location: 2F
2-2: Strikes out looking
Batting: RHB Joe Young 0-0: Called Strike
0-1: Ball
1-1: SINGLE (Groundball, 6MD, EV 93.8 MPH)
Batting: RHB Jose Ramos 0-0: Ball
Joe Young steals 2nd base
1-0: Ball
2-0: Foul Ball, location: 2F
2-1: Ground out U3 (Groundball, 3L, EV 88.8 MPH)
Top of the 5th over - 0 runs, 1 hit, 0 errors, 1 left on base; Atlanta (MID) 2 - Peoria 3
BOTTOM OF THE 5TH
Peoria Chiefs batting - Pitching for Atlanta (MID) Braves : LHP Brian Gregory
Batting: RHB Joe Alley 0-0: Ball
1-0: Called Strike
1-1: Called Strike
1-2: Ball
2-2: Foul Ball, location: 2F
2-2: Foul Ball, location: 2F
2-2: Strikes out swinging
Batting: RHB Kalidas Mishra 0-0: Ball
1-0: Called Strike
1-1: Foul Ball, location: 2F
1-2: Foul Ball, location: 2F
1-2: Ball
2-2: Foul Ball, location: 2F
2-2: Ground out 4-3 (Groundball, 4, EV 103.1 MPH)
Pitching: RHP Kevin Zika
Batting: RHB Tyler Walker 0-0: Called Strike
0-1: DOUBLE (Line Drive, 9LM, EV 110.6 MPH)
Batting: RHB Richard Riggs 0-0: Ground out 4-3 (Groundball, 4, EV 105.0 MPH)
Bottom of the 5th over - 0 runs, 1 hit, 0 errors, 1 left on base; Atlanta (MID) 2 - Peoria 3
TOP OF THE 6TH
Atlanta (MID) Braves batting - Pitching for Peoria Chiefs : RHP Danny Cook
Pitching: LHP Steve Martin
Batting: LHB Art D'Ascenzo 0-0: DOUBLE (Flyball, 8LXD, EV 105.6 MPH)
Batting: LHB Luis Cruz 0-0: Called Strike
0-1: Ball
1-1: Fly out, F8 (Flyball, 8LS, EV 85.6 MPH)
Batting: RHB Badr al Din Ridha 0-0: Ball
1-0: Ball
2-0: Ball
3-0: Base on Balls
Batting: SHB Ian Arlotta 0-0: Called Strike
0-1: Foul Ball, location: 2F
0-2: Foul Ball, location: 2F
0-2: DOUBLE (Line Drive, 3D, EV 93.8 MPH)
Art D'Ascenzo scores
Badr al Din Ridha to third
Batting: RHB Andy Cunningham 0-0: Intentional Walk
Batting: RHB Adrian Billups 0-0: Called Strike
0-1: Ball
1-1: Ball
2-1: Grounds into fielders choice 4-2 (Groundball, 13, EV 81.9 MPH)
Ian Arlotta to third
Andy Cunningham to second
Batting: RHB Toki Takeuchi 0-0: Ball
1-0: Called Strike
1-1: Foul Ball, location: 2F
1-2: Foul Ball, location: 2F
1-2: Reached via error on a dropped throw from SS, E4 (Groundball, 6, EV 88.8 MPH)
Ian Arlotta scores
Andy Cunningham to third
Adrian Billups to second
Batting: RHB Joe Young 0-0: Ball
1-0: Ball
2-0: Ball
3-0: Base on Balls
Andy Cunningham scores
Adrian Billups to third
Toki Takeuchi to second
Pitching: RHP Kohsuke Naito
Batting: RHB Jose Ramos 0-0: Ball
1-0: Foul Ball, location: 2F
1-1: Swinging Strike
1-2: Foul Ball, location: 2F
1-2: Ball
2-2: Fly out, F9 (Flyball, 9, EV 90.6 MPH)
Top of the 6th over - 3 runs, 2 hits, 1 error, 3 left on base; Atlanta (MID) 5 - Peoria 3
BOTTOM OF THE 6TH
Peoria Chiefs batting - Pitching for Atlanta (MID) Braves : RHP Kevin Zika
Batting: RHB Tommy Tracy 0-0: Ball
1-0: Called Strike
1-1: Foul Ball, location: 2F
1-2: Foul Ball, location: 2F
1-2: Ball
2-2: SINGLE (Line Drive, 4MD, EV 100.0 MPH)
Batting: RHB Josh Broome 0-0: Called Strike
0-1: Ball
1-1: Fly out, F4 (Line Drive, 34D, EV 67.5 MPH)
Batting: RHB Yorkis Saiki 0-0: Called Strike
0-1: Called Strike
0-2: Strikes out swinging
Batting: SHB Hank Arias 0-0: Swinging Strike
0-1: Swinging Strike
0-2: Strikes out swinging
Bottom of the 6th over - 0 runs, 1 hit, 0 errors, 1 left on base; Atlanta (MID) 5 - Peoria 3
TOP OF THE 7TH
Atlanta (MID) Braves batting - Pitching for Peoria Chiefs : RHP Kohsuke Naito
Batting: LHB Art D'Ascenzo 0-0: Called Strike
0-1: Ball
1-1: Swinging Strike
1-2: Strikes out swinging
Batting: LHB Luis Cruz 0-0: Called Strike
0-1: Called Strike
0-2: Foul Ball, location: 2F
0-2: Ball
1-2: Foul Ball, location: 2F
1-2: SINGLE (Line Drive, 7S, EV 95.6 MPH)
Batting: RHB Badr al Din Ridha 0-0: Foul Ball, location: 2F
0-1: Ball
Luis Cruz steals 2nd base
1-1: Ball
2-1: Called Strike
2-2: DOUBLE (Groundball, 5L, EV 101.9 MPH)
Luis Cruz scores
Batting: SHB Ian Arlotta 0-0: Ball
1-0: Foul Ball, location: 2F
1-1: Ground out 4-3 (Groundball, 4, EV 85.6 MPH)
Badr al Din Ridha to third
Batting: RHB Andy Cunningham 0-0: Intentional Walk
Batting: RHB Adrian Billups 0-0: Foul Ball, location: 2F
0-1: Called Strike
0-2: Foul Ball, location: 2F
0-2: Foul Ball, location: 2F
0-2: Strikes out swinging
Top of the 7th over - 1 run, 2 hits, 0 errors, 2 left on base; Atlanta (MID) 6 - Peoria 3
BOTTOM OF THE 7TH
Peoria Chiefs batting - Pitching for Atlanta (MID) Braves : RHP Kevin Zika
Batting: RHB Tim Cleary 0-0: Ball
1-0: Ball
2-0: Foul Ball, location: 2F
2-1: Ball
3-1: Swinging Strike
3-2: SINGLE (Groundball, 4MD, EV 103.8 MPH)
Batting: RHB Joe Alley 0-0: Ball
1-0: Called Strike
Tim Cleary steals 2nd base
1-1: Ball
2-1: Ball
3-1: Foul Ball, location: 2F
3-2: Strikes out swinging
Batting: RHB Kalidas Mishra 0-0: Ground out 6-3 (Groundball, 56, EV 87.5 MPH)
Batting: RHB Tyler Walker 0-0: Called Strike
0-1: Called Strike
0-2: Ball
1-2: Ball
2-2: Foul Ball, location: 2F
2-2: SINGLE (Groundball, 56S, EV 67.5 MPH) (infield hit)
Tim Cleary to third
Batting: RHB Richard Riggs 0-0: Swinging Strike
0-1: Ball
Wild Pitch!
Tim Cleary scores
Tyler Walker to second
1-1: SINGLE (Groundball, 6MD, EV 98.1 MPH)
Tyler Walker to third
Runner from 3rd tries for Home, SAFE, throw by CF to home
Pitching: RHP Gordon Cushing
Batting: RHB Tommy Tracy 0-0: Fielders Choice at 2nd, 6-4 (Groundball, 6, EV 93.8 MPH)
Bottom of the 7th over - 2 runs, 3 hits, 0 errors, 1 left on base; Atlanta (MID) 6 - Peoria 5
TOP OF THE 8TH
Atlanta (MID) Braves batting - Pitching for Peoria Chiefs : RHP Kohsuke Naito
Pitching: RHP Ricky Enriquez
Batting: RHB Toki Takeuchi 0-0: Swinging Strike
0-1: Called Strike
0-2: Ground out 5-3 (Groundball, 56S, EV 69.4 MPH)
Batting: RHB Joe Young 0-0: Ball
1-0: SINGLE (Groundball, 56, EV 105.6 MPH)
Batting: RHB Jose Ramos 0-0: Called Strike
Joe Young is caught stealing 2nd base 2-4
0-1: Fly out, F9 (Flyball, 9LM, EV 85.6 MPH)
Top of the 8th over - 0 runs, 1 hit, 0 errors, 0 left on base; Atlanta (MID) 6 - Peoria 5
BOTTOM OF THE 8TH
Peoria Chiefs batting - Pitching for Atlanta (MID) Braves : RHP Gordon Cushing
Batting: RHB Josh Broome 0-0: Called Strike
0-1: Foul Ball, location: 2F
0-2: Foul Ball, location: 2F
0-2: Ball
1-2: Foul Ball, location: 2F
1-2: Ball
2-2: Strikes out swinging
Batting: RHB Yorkis Saiki 0-0: Called Strike
0-1: Swinging Strike
0-2: Ground out 4-3 (Groundball, 34S, EV 86.9 MPH)
Batting: SHB Hank Arias 0-0: Foul Ball, location: 2F
0-1: Ball
1-1: Ball
2-1: Ball
3-1: Base on Balls
Batting: RHB Tim Cleary 0-0: Ball
1-0: Swinging Strike
1-1: Foul Ball, location: 2F
1-2: Ball
2-2: Foul Ball, location: 2F
2-2: Fielders Choice at 2nd, 6-4 (Groundball, 6, EV 89.4 MPH)
Bottom of the 8th over - 0 runs, 0 hits, 0 errors, 1 left on base; Atlanta (MID) 6 - Peoria 5
TOP OF THE 9TH
Atlanta (MID) Braves batting - Pitching for Peoria Chiefs : RHP Ricky Enriquez
Batting: LHB Art D'Ascenzo 0-0: Ball
1-0: Ball
2-0: Foul Ball, location: 2F
2-1: Swinging Strike
2-2: Strikes out looking
Batting: LHB Luis Cruz 0-0: Called Strike
0-1: Ball
1-1: Called Strike
1-2: Ball
2-2: Strikes out looking
Batting: RHB Badr al Din Ridha 0-0: Ball
1-0: Reached on error, E6 (Groundball, 6, EV 87.5 MPH)
Batting: SHB Ian Arlotta 0-0: Swinging Strike
0-1: Swinging Strike
0-2: Ball
1-2: Foul Ball, location: 2F
1-2: Ball
2-2: Foul Ball, location: 2F
2-2: Ball
3-2: Base on Balls
Batting: RHB Andy Cunningham 0-0: Ground out U3 (Groundball, 34S, EV 85.6 MPH)
Top of the 9th over - 0 runs, 0 hits, 1 error, 2 left on base; Atlanta (MID) 6 - Peoria 5
BOTTOM OF THE 9TH
Peoria Chiefs batting - Pitching for Atlanta (MID) Braves : RHP Gordon Cushing
Pitching: LHP Shingo Miura
Batting: RHB Joe Alley 0-0: Swinging Strike
0-1: Foul Ball, location: 2F
0-2: Ball
1-2: Ground out 5-3 (Groundball, 56, EV 84.4 MPH)
Batting: RHB Kalidas Mishra 0-0: Ball
1-0: Ground out 6-3 (Groundball, 6, EV 82.5 MPH)
Batting: RHB Tyler Walker 0-0: Called Strike
0-1: Ball
1-1: Ball
2-1: Ball
3-1: Base on Balls
Batting: RHB Richard Riggs 0-0: Ball
1-0: Swinging Strike
1-1: Ball
2-1: Fly out, F8 (Flyball, 8RM, EV 81.9 MPH)
Bottom of the 9th over - 0 runs, 0 hits, 0 errors, 1 left on base; Atlanta (MID) 6 - Peoria 5
Tuesday, September 13th , 2022 - OOTP Baseball 23.7 Build 88